 Dungeon Crawl Stone Soup version 0.27-a0-343-gfcad680f63 (webtiles) character file.

Game seed: 14934450591577267505

356 vurker the Chiller (level 6, 0/48 HPs)
             Began as a Demigod Ice Elementalist on Feb 14, 2021.
             Shot with an arrow by a centaur (17 damage)
             ... on level 5 of the Dungeon.
             The game lasted 00:06:20 (5381 turns).

vurker the Chiller (Demigod Ice Elementalist)       Turns: 5381, Time: 00:06:20

Health: 0/48       AC:  3    Str:  9    XL:     6   Next: 13%
Magic:  23/23      EV: 12    Int: 25    God:
Gold:   191        SH:  0    Dex: 14    Spells: 4/12 levels left

rFire    + . .     SeeInvis .   o - +3 dagger (venom)
rCold    . . .     Faith    .   (no shield)
rNeg     . . .     Spirit   .   a - +0 robe
rPois    .         Reflect  .   l - +0 helmet
rElec    .         Harm     .   (no cloak)
rCorr    .         Rampage  .   (no gloves)
Will     .....                  (no boots)
Stlth    ++........             (no amulet)
HPRegen  0.16/turn              b - ring of magical power
MPRegen  0.18/turn              e - ring of protection from fire

@: no status effects
A: high mp 1
a: no special abilities


You were on level 5 of the Dungeon.
You visited 1 branch of the dungeon, and saw 5 of its levels.

You collected 191 gold pieces.

Inventory:

Hand Weapons
 o - a +3 dagger of venom (weapon)
   (You took it off a goblin on level 2 of the Dungeon)
Armour
 a - a +0 robe (worn)
 l - a +0 helmet (worn)
   (You took it off Robin on level 2 of the Dungeon)
Jewellery
 b - a ring of magical power (left hand)
   (You found it on level 1 of the Dungeon)
 e - a ring of protection from fire (right hand)
   (You found it on level 1 of the Dungeon)
Wands
 g - a wand of polymorph (12)
   (You found it on level 3 of the Dungeon)
Scrolls
 c - 4 scrolls of identify {unknown}
 d - 4 scrolls of immolation {unknown}
 j - a scroll of amnesia {unknown}
 n - 3 scrolls of teleportation {unknown}
 r - a scroll of magic mapping {unknown}
Potions
 f - a potion of attraction {unknown}
 h - 2 potions of ambrosia {unknown}
 i - a potion of heal wounds
 k - 3 potions of might {unknown}
 m - a potion of invisibility {unknown}
 p - a potion of haste {unknown}
 q - a potion of curing {unknown}


   Skills:
 + Level 2.2 Fighting
 - Level 1.7 Dodging
 - Level 1.7 Stealth
 * Level 3.7 Spellcasting
 + Level 1.3 Conjurations
 * Level 5.1 Ice Magic


You had 4 spell levels left.
You knew the following spells:

 Your Spells              Type           Power        Failure   Level
a - Freeze                Ice            100%         1%          1
b - Frozen Ramparts       Ice            60%          3%          3
c - Hailstorm             Conj/Ice       20%          26%         4

Your spell library contained the following spells:

 Spells                   Type           Power        Failure   Level
 Ozocubu's Armour         Ice            30%          3%          3
 Summon Ice Beast         Ice/Summ       17%          32%         4


Dungeon Overview and Level Annotations

Branches:
Dungeon (5/15)
 Temple: D:4-7

Annotations:
D:3 3 runed translucent doors, sixsigma's ghost, amateur GnCj
D:5 2 transporters


Innate Abilities, Weirdness & Mutations

You have an increased reservoir of magic. (+10% MP)


Message History

You are poisoned.
The worker ant poisons you!
Aim: a worker ant (almost dead)
You freeze the worker ant.
You kill the worker ant!
You feel sick.
You feel sick.
You feel sick.
You feel sick.
You feel sick.
You feel sick.
You feel sick.
You feel sick.
You are no longer poisoned.
You hear the brisk rusting of a very distant drain.
You hear the brisk rusting of a very distant drain.
You hear the quick rusting of a very distant drain.
You hear the quick rusting of a very distant drain.
Found a scroll labelled JAYKEZ VIXI.
Found a stone staircase leading up.
Found 11 gold pieces.
r - a scroll labelled JAYKEZ VIXI A leopard gecko comes into view.
You hear the rapid rusting of a very distant drain.
Found a scroll labelled HIOGECK ZIAH and 29 stones.
A leopard gecko is nearby!
A leopard gecko is nearby!
There is a stone staircase leading up here.
A centaur comes into view.
The centaur wields a +0 shortbow.
The centaur shoots an arrow.
The arrow hits you!
The centaur shoots an arrow.
The arrow completely misses you.
A leopard gecko zombie comes into view.
The centaur shoots an arrow.
The arrow completely misses you.
The centaur shoots an arrow.
The arrow hits you!
The leopard gecko hisses angrily.
Found a sedimented black potion.
The leopard gecko bites you.
The centaur shoots an arrow.
The arrow hits you.
You hit the leopard gecko. The leopard gecko bites you.
The centaur shoots an arrow.
The arrow hits you!
* * * LOW HITPOINT WARNING * * *
The centaur shoots an arrow.
The arrow hits you.
* * * LOW HITPOINT WARNING * * *
The leopard gecko bites you but does no damage.
You feel much better.
The centaur shoots an arrow.
The arrow hits you.
* * * LOW HITPOINT WARNING * * *
The leopard gecko bites you.
* * * LOW HITPOINT WARNING * * *
The centaur shoots an arrow.
The arrow hits you!
You die...

# .# #######.#
.########
###.......
!.......# #.......#
.......l###.......#
.....Z...@<.......#
..................#
...c.....$........#
.....?.........####
########.......##
........#..#
.####.####.# .
#......#
..#......##


You could see a centaur, a leopard gecko zombie and a leopard gecko.

Vanquished Creatures
  A scorpion (D:4)
  A bullfrog skeleton (D:5)
  3 orc wizards (D:4)
  3 worker ants
  Robin (D:2)
  2 adders
  A white imp (D:5)
  A worm (D:3)
  5 dart slugs
  2 leopard geckos
  8 orcs
  6 giant cockroaches
  12 goblins
  7 hobgoblins
  8 kobolds
  2 quokkas
  A ball python skeleton (D:3)
  8 bats
  5 frilled lizards
  4 rats
81 creatures vanquished.

Notes
Turn   | Place    | Note
-------+----------+-------------------------------------------
     0 | D:1      | vurker the Demigod Ice Elementalist began the quest for the
                  | Orb.
     0 | D:1      | Reached XP level 1. HP: 14/14 MP: 5/5
   453 | D:1      | Reached XP level 2. HP: 13/22 MP: 7/7
  1252 | D:2      | Noticed Robin
  1423 | D:2      | Reached skill level 4 in Ice Magic
  1721 | D:2      | Reached skill level 1 in Fighting
  1777 | D:2      | Reached XP level 3. HP: 28/28 MP: 9/9
  2266 | D:2      | Killed Robin
  2309 | D:2      | Found an opulent altar of Gozag.
  2588 | D:3      | Noticed sixsigma's ghost (amateur GnCj)
  2593 | D:3      | Learned a level 3 spell: Frozen Ramparts
  2894 | D:3      | Reached XP level 4. HP: 8/35 MP: 10/10
  3224 | D:3      | Found a runed translucent gate.
  3224 | D:3      | Found a runed translucent gate.
  3224 | D:3      | Found a runed translucent gate.
  3717 | D:4      | Found a shimmering altar of Xom.
  3758 | D:4      | Learned a level 4 spell: Hailstorm
  4222 | D:4      | Reached XP level 5. HP: 23/41 MP: 12/12
  4486 | D:4      | Reached skill level 1 in Conjurations
  4709 | D:5      | Entered Level 5 of the Dungeon
  4741 | D:5      | Found a transporter.
  4764 | D:5      | Reached skill level 5 in Ice Magic
  5020 | D:5      | Reached XP level 6. HP: 48/48 MP: 14/14
  5082 | D:5      | Found a transporter.
  5381 | D:5      | Shot with an arrow by a centaur

Illustrated notes

Levels and vault maps discovered:
D:1:      dpeg_arrival_rhombus, layout_loops_ring, minmay_distorted
D:2:      layout_rooms, overflow_temple_1_default, uniq_robin
D:3:      layout_rooms, gammafunk_ghost_split
D:4:      layout_basic, general_overflow_altar, serial_glass, glass_columns_a,
          glass_columns_c, due_unseen_surprise
D:5:      gammafunk_wand_slinger, layout_basic, kennysheep_mini_moat,
          grunt_temple_overflow_open, portal_sewer_entry_b,
          nicolae_qazlal_general_emergency

Skill      XL: |  1  2  3  4  5 |
---------------+----------------+-----
Spellcasting   | 2 3 |  3.7
Ice Magic      | 4 5 |  5.1
Fighting       | 1 2 |  2.2
Conjurations   | 1 |  1.3
Dodging        | |  1.7
Stealth        | |  1.7

Action                   |  1- 3 |  4- 6 || total
-------------------------+-------+-------++-------
Melee: Dagger            |    54 |    53 ||   107
       Unarmed           |     1 |       ||     1
 Cast: Freeze            |    58 |    12 ||    70
       Frozen Ramparts   |     1 |     6 ||     7
  Use: Potion            |       |     2 ||     2
 Stab: Sleeping          |     2 |     2 ||     4
Armor: Robe              |    21 |     9 ||    30
Dodge: Dodged            |    70 |    37 ||   107

Table legend: (Time is in decaauts)
 A = Elapsed time spent in this place.
 B = Non-inter-level travel time spent in this place.
 C = Inter-level travel time spent in this place.
 D = Time resting spent in this place.
 E = Time spent auto-exploring this place.
 F = Levels seen in this place.
 G = Mean time per level.
                   A        B        C        D        E       F      G
               +--------+--------+--------+--------+--------+-----+--------+
         Total |   5384 |   5250 |    134 |    192 |   4438 |   5 | 1076.8 |
       Dungeon |   5384 |   5250 |    134 |    192 |   4438 |   5 | 1076.8 |
               +--------+--------+--------+--------+--------+-----+--------+

Top non-repeatable levels by time:
     D:1: 1949 daAuts
     D:4: 1222 daAuts
     D:3: 897 daAuts
     D:5: 671 daAuts
     D:2: 642 daAuts
